 Dungeon Crawl Stone Soup version 0.27.1-34-g3ba077fa99 (webtiles) character file.

Game seed: 10497938073683053339

150 fishdoom the Chopper (level 5, -9/46 HPs)
             Began as a Minotaur Fighter on Jan 20, 2022.
             Was a Plaything of Xom.
             Mangled by an ogre (22 damage)
             ... on level 3 of the Dungeon.
             The game lasted 00:09:09 (2438 turns).

fishdoom the Chopper (Minotaur Fighter)             Turns: 2438, Time: 00:09:10

Health: -9/46      AC:  7    Str: 22    XL:     5   Next: 10%
Magic:  4/4        EV:  7    Int:  5    God:    Xom [*.....]
Gold:   89         SH:  9    Dex:  9    Spells: 4/4 levels left

rFire    . . .     SeeInvis .   a - +0 war axe
rCold    . . .     Faith    .   c - +0 kite shield
rNeg     . . .     Spirit   .   b - +0 scale mail
rPois    .         Reflect  .   (helmet restricted)
rElec    .         Harm     .   (no cloak)
rCorr    .         Rampage  .   (no gloves)
Will     .....                  (no boots)
Stlth    ..........             (no amulet)
HPRegen  0.15/turn              (no ring)
MPRegen  0.09/turn              (no ring)

@: no status effects
A: horns 2, retaliatory headbutt
a: Renounce Religion


You were on level 3 of the Dungeon.
You worshipped Xom.
You were a special plaything of Xom.
You visited 1 branch of the dungeon, and saw 3 of its levels.

You collected 89 gold pieces.

Inventory:

Hand Weapons
 a - a +0 war axe (weapon)
 f - a +0 antimagic dagger
 g - a +3 whip
 n - a +0 longbow
Armour
 b - a +0 scale mail (worn)
 c - a +0 kite shield (worn)
Scrolls
 h - a scroll of enchant weapon {unknown}
 k - 4 scrolls of identify {unknown}
 l - 2 scrolls of magic mapping {unknown}
 o - a scroll of vulnerability {unknown}
Potions
 e - a potion of curing {unknown}
 i - a potion of invisibility {unknown}
 j - a potion of attraction {unknown}
Miscellaneous
 m - a piece from Xom's chessboard (15/15)


   Skills:
 - Level 3.8 Fighting
 + Level 6.0 Axes
 - Level 3.8 Armour
 - Level 4.0 Shields


You had 4 spell levels left.
You didn't know any spells.
Your spell library contained the following spells:

 Spells                   Type           Power      Damage    Failure   Level
 Animate Skeleton         Necr           0%         N/A       99%         1
 Apportation              Tloc           0%         N/A       99%         1
 Corona                   Hex            0%         N/A       99%         1
 Magic Dart               Conj           0%         1d3       99%         1
 Summon Small Mammal      Summ           0%         N/A       99%         1
 Call Imp                 Summ           0%         N/A       100%        2
 Mephitic Cloud           Conj/Pois/Air  0%         N/A       100%        3
 Stone Arrow              Conj/Erth      0%         3d7       100%        3
 Bolt of Magma            Conj/Fire/Erth 0%         4d4       100%        5
 Shatter                  Erth           0%         3d5*      100%        9


Dungeon Overview and Level Annotations

Branches:
Dungeon (3/15)

Altars:
Gozag
Xom

Annotations:
D:3 cbfl8's ghost, amateur MiWn


Innate Abilities, Weirdness & Mutations

You have a pair of horns on your head.
You reflexively headbutt those who attack you in melee.


Message History

Okay, then.
k - 4 scrolls labelled UGGERCH SEALACW (gained 1)
You now have 89 gold pieces (gained 11).
Things that are here:
a +0 spear; a kobold corpse You see here a hobgoblin corpse.
Found 24 gold pieces.
Found an opulent altar of Gozag.
Found a runed translucent gate.
Found 70 gold pieces.
The orc shouts!
The ogre shouts!
The goblin shouts!
The ogre shouts!
Cbfl8's ghost turns its malevolent gaze towards you.
The endoplasm quivers.
You open the gate. The goblin hits you but does no damage.
You slash the ogre! Your headbutt misses the ogre.
The ogre is heavily wounded.
You closely miss the goblin. You hit the orc. You block the ogre's attack.
You block the goblin's attack. The orc hits you with a +0 dagger.
You slash the ogre! Your headbutt misses the ogre.
The ogre is almost dead.
You slash the orc!
You kill the orc!
You hit the goblin.
You kill the goblin!
The ogre hits you with a +0 giant spiked club!!
The ogre hits you with a +0 giant club!
* * * LOW HITPOINT WARNING * * *
Your Axes skill increases to level 6!
The ogre barely misses you.
You hit the endoplasm.
The endoplasm is moderately wounded.
The endoplasm hits you but does no damage.
You block the endoplasm's attack.
You slash the endoplasm!
You kill the endoplasm!
You slash the ogre!
You kill the ogre!
The ogre hits you with a +0 giant club!!
You die...
Xom guffaws!

#......)..†...).........
#.#########.........####
#.#########†#####.......
.#.........#.## ##..####
..............# #....
...........#..# #..#.#
...........#..# #..#.#
#..#.##.####.... ..# # #
#.@# #..###
#.###O###..##
#....W.......
#.##'))##....
...##.$$..##... ..
#.$$_.$∩# .. #8..8..8#
#...$$$.# ##.8∩8.##


You could see an ogre and cbfl8's ghost.

Vanquished Creatures
  An ogre (D:3)
  Natasha (twice) (D:3)
  3 adders (D:2)
  A worm (D:2)
  4 dart slugs
  An orc (D:3)
  A bat (D:2)
  3 endoplasms
  3 giant cockroaches
  7 hobgoblins
  3 jackals (D:1)
  2 quokkas
  3 ball pythons
  3 frilled lizards (D:2)
  7 goblins
  14 kobolds
  4 rats
62 creatures vanquished.

Vanquished Creatures (others)
  5 plants (D:2)
5 creatures vanquished.

Grand Total: 67 creatures vanquished

Notes
Turn   | Place    | Note
-------+----------+-------------------------------------------
     0 | D:1      | fishdoom the Minotaur Fighter began the quest for the Orb.
     0 | D:1      | Reached XP level 1. HP: 19/19 MP: 0/0
   393 | D:1      | Reached XP level 2. HP: 27/27 MP: 1/1
   627 | D:1      | Reached skill level 3 in Axes
  1033 | D:1      | Found a faded altar of an unknown god.
  1043 | D:1      | Became a worshipper of Xom of Chaos
  1137 | D:2      | Reached XP level 3. HP: 13/33 MP: 2/2
  1411 | D:2      | Reached skill level 4 in Axes
  1444 | D:2      | XOM: divination: magic mapping
  1520 | D:2      | XOM: god gift: piece from Xom's chessboard (15/15)
  1527 | D:2      | Reached XP level 4. HP: 33/40 MP: 3/3
  1529 | D:2      | XOM: god gift: longbow {god gift}
  1833 | D:2      | Reached skill level 5 in Axes
  1879 | D:2      | XOM: 1-stop teleportation journey
  1943 | D:3      | Noticed Natasha
  1951 | D:3      | XOM: chaos cloud
  1952 | D:3      | Killed Natasha
  2243 | D:3      | Noticed Natasha
  2245 | D:3      | XOM: chaos cloud
  2248 | D:3      | Killed Natasha
  2249 | D:3      | Reached XP level 5. HP: 24/46 MP: 4/4
  2403 | D:3      | XOM: silly message
  2426 | D:3      | Found a runed translucent gate.
  2426 | D:3      | Found a runed translucent gate.
  2426 | D:3      | Found an opulent altar of Gozag.
  2428 | D:3      | Found a runed translucent gate.
  2428 | D:3      | Noticed an ogre
  2428 | D:3      | Noticed cbfl8's ghost (amateur MiWn)
  2428 | D:3      | Noticed an ogre
  2434 | D:3      | Reached skill level 6 in Axes
  2438 | D:3      | Killed an ogre
  2438 | D:3      | Mangled by an ogre

Illustrated notes

Levels and vault maps discovered:
D:1:      psy_arrival_basics, layout_rooms,
          hellmonk_ecumenical_altar_prayer_group
D:2:      layout_rooms, lexackson_kobold_supper
D:3:      layout_basic, okawaru_gym_becter, ebering_ghost_gozag,
          kennysheep_generic_room_11, uniq_natasha

Skill      XL: |  1  2  3  4  5 |
---------------+----------------+-----
Shields        | 4 |  4.0
Axes           | 3 4 5 6 |  6.0
Fighting       | |  3.8
Armour         | |  3.8

Action                   |  1- 3 |  4- 6 || total
-------------------------+-------+-------++-------
Melee: War axe           |    89 |    41 ||   130
       Headbutt          |     8 |     5 ||    13
  Use: Potion            |       |     1 ||     1
Armor: Scale mail        |    47 |    13 ||    60
Dodge: Dodged            |    25 |    11 ||    36
Block: Kite shield       |    39 |    12 ||    51
